 Dungeon Crawl Stone Soup version 0.30.1-4-g462c640d31 (webtiles) character file.

Game seed: 14155456372354741049

1367 rvierbuc the Conjurer (level 8, 0/63 HPs)
             Began as a Demigod Conjurer on Aug 20, 2023.
             Slain by a troll (13 damage)
             ... on level 6 of the Dungeon.
             The game lasted 00:18:29 (5870 turns).

rvierbuc the Conjurer (Demigod Conjurer)            Turns: 5870, Time: 00:18:29

Health: 0/63       AC:  3    Str:  8    XL:     8   Next: 15%
Magic:  12/19      EV: 13    Int: 28    God:
Gold:   384        SH:  0    Dex: 12    Spells: 10/17 levels left

rFire   . . .        (no weapon)
rCold   . . .        (no shield)
rNeg    . . .        a - +0 robe
rPois   .            q - +0 helmet
rElec   .            (no cloak)
rCorr   .            (no gloves)
SInv    .            (no boots)
Will    .....        (no amulet)
Stlth   ++           (no ring)
HPRegen 0.30/turn    (no ring)
MPRegen 0.16/turn

%: no passive effects
@: no status effects
A: high MP 1, forlorn, divine attributes
a: no special abilities


You were on level 6 of the Dungeon.
You visited 1 branch of the dungeon, and saw 6 of its levels.

You collected 384 gold pieces.

Inventory:

Hand Weapons
 p - a +2 heavy trident
Armour
 a - a +0 robe (worn)
 q - a +0 helmet (worn)
 w - the +3 leather armour "Jirradur" {rElec Will+ Slay+3 Stlth+}
   (You found it on level 4 of the Dungeon)

   Slay:      It affects your accuracy & damage with ranged weapons and melee
   (+3).
   rElec:     It insulates you from electricity.
   Will:      It increases your willpower.
   Stlth:     It makes you more stealthy.
Jewellery
 x - a +5 ring of evasion
Wands
 o - a wand of flame (9)
Scrolls
 d - 3 scrolls of magic mapping {unknown}
 f - 5 scrolls of teleportation {unknown}
 g - a scroll of blinking {unknown}
 h - 4 scrolls of identify {unknown}
 i - a scroll of butterflies {unknown}
 j - 3 scrolls of enchant armour {unknown}
 m - a scroll of enchant weapon {unknown}
 v - a scroll of fear {unknown}
 y - 2 scrolls of noise {unknown}
 z - a scroll of acquirement {unknown}
 A - 2 scrolls of immolation {unknown}
Potions
 b - a potion of magic
 c - 3 potions of might
 e - a potion of curing
 k - a potion of flight {unknown}
 l - 2 potions of lignification {unknown}
 n - a potion of berserk rage {unknown}
 r - 2 potions of attraction {unknown}
 s - a potion of cancellation {unknown}
 t - a potion of degeneration {unknown}
 u - 2 potions of heal wounds {unknown}


   Skills:
 * Level 3.3 Fighting
 * Level 4.0 Dodging
 + Level 3.0 Stealth
 + Level 5.0 Spellcasting
 + Level 6.5 Conjurations


You had 10 spell levels left.
You knew the following spells:

 Your Spells              Type           Power      Damage    Failure   Level
a - Magic Dart            Conj           100%       1d8       1%          1
b - Searing Ray           Conj           86%        2d7       1%          2
c - Fulminant Prism       Conj/Hex       12%        3d8       17%         4

Your spell library contained the following spells:

 Spells                   Type           Power      Damage    Failure   Level
 Shock                    Conj/Air       100%       1d9       1%          1
 Dazzling Flash           Conj/Hex       50%        N/A       5%          3
 Apportation              Tloc           14%        N/A       7%          1
 Necrotise                Necr           28%        1d5       7%          1
 Summon Small Mammal      Summ           28%        N/A       7%          1
 Iskenderun's Mystic Bla  Conj/Tloc      25%        2d7       17%         4
 Call Canine Familiar     Summ           7%         N/A       21%         3
 Portal Projectile        Hex/Tloc       14%        N/A       21%         3
 Swiftness                Air            7%         N/A       21%         3
 Airstrike                Air            3%         2d(1-17)  54%         4
 Leda's Liquefaction      Hex/Erth       3%         N/A       54%         4


Dungeon Overview and Level Annotations

Branches:
Dungeon (6/15)             Temple (0/1) D:5

Shops:
D:3 *   D:6 *:

Annotations:
D:5 2 transporters


Innate Abilities, Weirdness & Mutations

You have an increased reservoir of magic. (+10% MP)
You shall have no god before yourself.
Your divine heritage dramatically boosts your attributes as you level up.


Message History

The ice beast is almost dead.
The searing ray hits the ice beast.
You kill the ice beast!
You finish channelling your searing ray.
Your Dodging skill increases to level 4!
Your Spellcasting skill increases to level 5!
Found a ring mail.
You see here a +0 ring mail.
You see here a +0 ring mail.
A troll comes into view.
Casting: Searing Ray (safe; 1% risk of failure)
Confirm with . or Enter, or press ? or * to list all spells.
Aiming: Searing Ray (safe; 1% risk of failure)
Press: ? - help, Shift-Dir - straight line, f - troll
Aim: a troll (82% to hit)
The searing ray hits the troll.
The troll is lightly wounded. (Press . to maintain the ray.)
The searing ray hits the troll!
The troll is moderately wounded.
The searing ray hits the troll.
The troll is moderately wounded.
The searing ray hits the troll!
The troll is heavily wounded.
You finish channelling your searing ray.
The troll bites you. The troll claws you. The troll barely misses you.
Casting: Searing Ray (safe; 1% risk of failure)
Confirm with . or Enter, or press ? or * to list all spells.
Aiming: Searing Ray (safe; 1% risk of failure)
Press: ? - help, Shift-Dir - straight line, f/p - troll
Aim: a troll (heavily wounded, 82% to hit)
The searing ray hits the troll but does no damage.
The troll is heavily wounded. (Press . to maintain the ray.)
The troll bites you! The troll claws you! x2
* * * LOW HITPOINT WARNING * * *
The searing ray hits the troll!
The troll is severely wounded.
The troll bites you!
You die...

##.###### #........
#........ #........
###........ .
##.....##### ...
#.......# #.
.....########...§...###.
......T@................
.....######...#.∩.≈.###.
... ##........# #. .
#....≈...# #.
##.......###.
###......... #....<....
#......... ###.#.####


You could see a troll.

Vanquished Creatures
  Grinder (D:4)
  Menkaure (D:5)
  A water moccasin (D:5)
  An ice beast (D:6)
  A centaur (D:5)
  2 phantoms
  Blork the orc (D:4)
  A bullfrog (D:6)
  2 jellies
  A hound (D:5)
  An orc priest (D:4)
  A sleepcap (D:4)
  Jessica (D:2)
  5 orc wizards
  Robin (D:4)
  8 adders
  2 shadow imps
  2 worms (D:3)
  2 dart slugs
  14 orcs
  7 ball pythons
  A bat (D:1)
  5 endoplasms
  A giant cockroach (D:1)
  14 goblins
  4 hobgoblins
  3 jackals (D:4)
  4 kobolds
  4 quokkas
  2 frilled lizards (D:1)
  7 rats
101 creatures vanquished.

Notes
Turn   | Place    | Note
-------+----------+-------------------------------------------
     0 | D:1      | rvierbuc the Demigod Conjurer began the quest for the Orb.
     0 | D:1      | Reached XP level 1. HP: 14/14 MP: 5/5
   469 | D:1      | You fall into a shaft and drop 1 floor!
   524 | D:1      | Reached XP level 2. HP: 20/20 MP: 1/7
   543 | D:1      | Reached skill level 4 in Conjurations
  1152 | D:2      | Noticed Jessica
  1157 | D:2      | Killed Jessica
  1158 | D:2      | Reached XP level 3. HP: 26/26 MP: 1/8
  1988 | D:3      | Found Woowkem's General Store.
  2159 | D:3      | Reached XP level 4. HP: 24/33 MP: 1/10
  2164 | D:3      | Learned a level 2 spell: Searing Ray
  2169 | D:3      | Learned a level 4 spell: Fulminant Prism
  2968 | D:4      | Noticed Robin
  3075 | D:4      | Killed Robin
  3076 | D:4      | Reached skill level 1 in Fighting
  3360 | D:4      | Reached XP level 5. HP: 40/40 MP: 8/11
  3409 | D:4      | Identified the +3 leather armour "Jirradur" {rElec Will+
                  | Slay+3 Stlth+}
  3409 | D:4      | Noticed Blork the orc
  3415 | D:4      | Killed Blork the orc
  3416 | D:4      | Reached skill level 5 in Conjurations
  3663 | D:4      | Noticed Grinder
  3669 | D:4      | Paralysed by Grinder for 5 turns
  3691 | D:4      | Paralysed by Grinder for 5 turns
  3713 | D:4      | Paralysed by Grinder for 4 turns
  3741 | D:5      | Entered Level 5 of the Dungeon
  3741 | D:5      | Noticed Menkaure
  3872 | D:4      | Reached XP level 6. HP: 47/47 MP: 8/13
  3890 | D:4      | Killed Grinder
  3913 | D:4      | Reached XP level 7. HP: 31/55 MP: 1/16
  4583 | D:5      | Found a staircase to the Ecumenical Temple.
  4763 | D:5      | Found a transporter.
  4824 | D:5      | Found a transporter.
  4837 | D:5      | Reached skill level 6 in Conjurations
  5061 | D:5      | Killed Menkaure
  5512 | D:6      | Found Fanetzol's Elemental Accessories.
  5624 | D:6      | Reached XP level 8. HP: 63/63 MP: 13/18
  5666 | D:6      | Found Upnoxtutwu's Book Shop.
  5721 | D:6      | Reached skill level 5 in Spellcasting
  5863 | D:6      | Noticed a troll
  5870 | D:6      | Slain by a troll

Illustrated notes

Levels and vault maps discovered:
D:1:      dpeg_arrival_long_road, layout_basic
D:2:      layout_basic, serial_curves, eino_curves_03, eino_curves_01,
          eino_curves_01, grunt_ministairs_7, glass_columns_b, uniq_jessica
D:3:      layout_basic, serial_shops, shop, minmay_splitting_lines,
          minmay_randomly_rotated_circles
D:4:      layout_loops_ring, nicolae_dithmenos_shadow_blocks,
          general_overflow_altar, uniq_grinder, uniq_blork_the_orc, uniq_robin
D:5:      gammafunk_cloud_chamber, layout_rooms, kennysheep_mini,
          mainiacjoe_overflow_concentric_impassable, temple_hall,
          hangedman_abyss_or_decor_lesser_grid, glass_columns_a, uniq_menkaure
D:6:      minmay_klotski, layout_basic, nicolae_overflow_crystal_walls,
          serial_shops, shop, nicolae_elemental_shop, uniq_duvessa

Skill      XL: |  1  2  3  4  5  6  7  8 |
---------------+-------------------------+-----
Conjurations   | 4 5 6 |  6.5
Spellcasting   | 2 3 4 5 |  5.0
Stealth        | 2 3 |  3.0
Dodging        | 2 3 4 |  4.0
Fighting       | 1 2 3 |  3.3

Action                     |  1- 3 |  4- 6 |  7- 9 || total
---------------------------+-------+-------+-------++-------
  Melee: Unarmed           |       |     1 |       ||     1
   Cast: Magic Dart        |    69 |    86 |    18 ||   173
         Searing Ray       |       |    16 |    20 ||    36
    Use: Potion            |       |     5 |       ||     5
 Armour: Robe              |     1 |    13 |     5 ||    19
  Dodge: Dodged            |     9 |    18 |    16 ||    43
